 Dungeon Crawl Stone Soup version 0.20.1-1-g8b1a95d (webtiles) character file.

104 Reeggar the Skirmisher (level 4, 0/35 HPs)
             Began as a Demonspawn Monk on Sept 26, 2017.
             Slain by a wight
             ... wielding a cursed +3 hand axe of freezing
              (3 damage)
             ... on level 3 of the Dungeon.
             The game lasted 00:11:20 (2231 turns).

Reeggar the Skirmisher (Demonspawn Monk)            Turns: 2231, Time: 00:11:20

Health: 0/35       AC:  7    Str: 11    XL:     4   Next: 52%
Magic:  4/4        EV: 13    Int: 12    God:
Gold:   68         SH:  0    Dex: 16    Spells: 3/3 levels left

rFire    . . .     SeeInvis .   a - +0 spear
rCold    . . .     Gourm    .   (no shield)
rNeg     . . .     Faith    .   b - +0 robe
rPois    .         Spirit   .   (no helmet)
rElec    .         Reflect  .   (no cloak)
rCorr    .         Harm     .   (no gloves)
MR       .....                  i - +2 pair of boots
Stlth    +++.......             (no amulet)
Regen    0.2/turn               (no ring)
MPRegen  0.1/turn               (no ring)

@: drained
A: claws 1, molten scales 1, nightstalker 1
a: no special abilities


You were on level 3 of the Dungeon.
You were not hungry.

You visited 1 branch of the dungeon, and saw 3 of its levels.

You collected 68 gold pieces.

Inventory:

Hand Weapons
 a - a +0 spear (weapon)
Armour
 b - a +0 robe (worn)
 f - a +0 robe
 i - a +2 pair of boots (worn)
Jewellery
 e - an uncursed ring of protection from fire {unknown}
 g - an uncursed ring of poison resistance {unknown}
 n - an uncursed ring of flight {unknown}
Potions
 d - a potion of cancellation {unknown}
 h - a potion of degeneration {unknown}
 k - a potion of invisibility {unknown}
Comestibles
 j - 2 meat rations
 m - a bread ration


   Skills:
 + Level 3.5(2.9) Fighting
 + Level 3.5(2.8) Polearms
 + Level 3.4(2.8) Dodging
 * Level 2.5(1.8) Stealth


You had 3 spell levels left.
You didn't know any spells.

Dungeon Overview and Level Annotations

Branches:
Dungeon (3/15)

Altars:
Uskayaw


Innate Abilities, Weirdness & Mutations

You have sharp fingernails.
You are partially covered in molten scales. (AC +2)
You are slightly more attuned to the shadows.


Message History

You hit the wight but do no damage. You closely miss the wight.
The wight hits you but does no damage.
You hit the wight but do no damage.
The wight hits you with a hand axe of freezing!
You feel drained. The wight freezes you.
You hit the wight.
The wight is heavily damaged.
The wight misses you.
You barely miss the wight.
The wight is heavily damaged.
The wight hits you with a hand axe of freezing!
You feel drained.
* * * LOW HITPOINT WARNING * * *
The wight freezes you.
* * * LOW HITPOINT WARNING * * *
It was a potion of curing.
You feel better.
The wight hits you with a hand axe of freezing!
* * * LOW HITPOINT WARNING * * *
The wight freezes you.
You die...

#.. #.. #.# #+#
#.# ...# #.# ..<.#
#.# ....z# ##<##
.....z####...#####
.....zz@..........
......##.#..(##.##
.....# #.##.## #
....# #.##.# ...#
#.##.. #+# #.#####
#.#


You could see 4 wights.

Vanquished Creatures
  A gnoll (D:1)
  5 adders (D:2)
  2 dart slugs (D:2)
  A leopard gecko (D:1)
  A ball python (D:2)
  6 bats
  3 giant cockroaches
  2 goblins (D:2)
  6 hobgoblins
  4 jackals (D:1)
  5 kobolds
  A quokka (D:2)
  2 frilled lizards (D:1)
  5 rats
44 creatures vanquished.

Notes
Turn   | Place    | Note
-------+----------+-------------------------------------------
     0 | D:1      | Reeggar the Demonspawn Monk began the quest for the Orb.
     0 | D:1      | Reached XP level 1. HP: 18/18 MP: 1/1
   180 | D:1      | Gained mutation: You are partially covered in molten scales. (AC +2) [demonic ancestry]
   180 | D:1      | Reached XP level 2. HP: 12/24 MP: 2/2
   724 | D:1      | HP: 1/24 [hobgoblin/club (7)]
  1093 | D:1      | Gained mutation: You have sharp fingernails. [demonic ancestry]
  1093 | D:1      | Reached XP level 3. HP: 29/29 MP: 3/3
  1784 | D:2      | Found a hide-covered altar of Uskayaw.
  1799 | D:2      | Gained mutation: You are slightly more attuned to the shadows. [demonic ancestry]
  1799 | D:2      | Reached XP level 4. HP: 31/35 MP: 4/4
  1803 | D:2      | Noticed a hand axe
  1804 | D:2      | Noticed a dagger
  2231 | D:3      | Slain by a wight

Skill      XL: |  1  2 |
---------------+-------+-----
Polearms       | 3 |  3.5
Dodging        | 3 |  3.4
Stealth        | 2 |  2.5
Fighting       | |  3.5

Action                   |  1- 3 |  4- 6 || total
-------------------------+-------+-------++-------
Melee: Spear             |   176 |    34 ||   210
  Use: Scroll            |     2 |     1 ||     3
       Potion            |       |     1 ||     1
 Stab: Sleeping          |     1 |     1 ||     2
  Eat: Bread ration      |     1 |       ||     1
Armor: Robe              |    47 |    12 ||    59
Dodge: Dodged            |   130 |    26 ||   156
